 Dungeon Crawl Stone Soup version 0.17-a0-1842-gacc33f2 (webtiles) character file.

856 Medved the Covert (level 7, -3/51 HPs)
             Began as a Vampire Assassin on Sept 17, 2015.
             Slain by a shadow (8 damage)
             ... created by the darkness of Dithmenos
             ... on level 4 of the Dungeon.
             The game lasted 00:15:35 (4992 turns).

Medved the Covert (Vampire Assassin)                Turns: 4992, Time: 00:15:35

Health: -3/51      AC:  8    Str: 10    XL:     7   Next: 70%
Magic:  7/7        EV: 10    Int: 14    God:
Gold:   116        SH:  0    Dex: 17    Spells: 0 memorised, 6 levels left

rFire  . . .     SeeInvis +     h - +0 short sword (flame)
rCold  . . .     Clarity  .     c - +0 robe
rNeg   + . .     SustAt   +     (no shield)
rPois  +         Gourm    .     s - +2 helmet
rElec  .         Spirit   .     w - +2 cloak {rPois}
rCorr  .         Warding  .     (no gloves)
rMut   .         Stasis   .     (no boots)
MR     .....                    (no amulet)
Stlth  +++++.....               (no ring)
                                n - ring of sustain attributes

@: not resistant to hostile enchantments, quite stealthy
A: fangs 3, see invisible, unbreathing
a: Bat Form


You were on level 4 of the Dungeon.
You were not thirsty.

You visited 1 branch of the dungeon, and saw 4 of its levels.

You collected 136 gold pieces.
You spent 20 gold pieces at shops.

Inventory:

Hand weapons
 a - a +2 dagger
 b - a +0 blowgun
 h - a +0 short sword of flaming (weapon)
Missiles
 e - 15 poisoned needles
 f - 2 curare-tipped needles
Armour
 c - a +0 robe (worn)
 d - a +0 cloak
 s - a +2 helmet (worn)
 w - a +2 cloak of poison resistance (worn)
Jewellery
 n - a ring of sustain attributes (left hand)
 y - an uncursed ring of ice {unknown}
Magical devices
 v - a wand of frost (37)
Scrolls
 l - 7 scrolls of remove curse {unknown}
 o - 5 scrolls of teleportation {unknown}
 p - a scroll of recharging {unknown}
 q - a scroll of amnesia {unknown}
 r - a scroll of magic mapping {unknown}
 u - a scroll of noise {unknown}
 x - 5 scrolls of identify
 z - a scroll of fear {unknown}
Potions
 g - 9 potions of blood
 i - a potion of brilliance {unknown}
 j - 2 potions of curing
 k - a potion of agility {unknown}
 m - a potion of might {unknown}
 t - a potion of ambrosia {unknown}
 A - a potion of berserk rage {unknown}


   Skills:
 + Level 2.6 Fighting
 * Level 4.5 Short Blades
 - Level 1.5 Throwing
 + Level 5.2 Dodging
 * Level 10.7 Stealth


You had 6 spell levels left.
You didn't know any spells.

Dungeon Overview and Level Annotations

Branches:
Dungeon (4/15)
 Temple: D:4-7

Altars:
Dithmenos
Fedhas
Okawaru
The Shining One

Shops:
D:4 *


Innate Abilities, Weirdness & Mutations

You have razor-sharp teeth.
You have supernaturally acute eyesight.
You can survive without breathing.


Message History

The shadow misses you.
The shadow slips into darkness.
The shadow flickers and vanishes for a moment.
The shadow hits you.
The shadow slips into darkness.
The shadow flickers and vanishes for a moment.
You hit the shadow but do no damage. The shadow hits you.
The shadow misses you. The shadow misses you. x2
The shadow hits you!
* * * LOW HITPOINT WARNING * * *
The shadow slips into darkness.
The shadow flickers and vanishes for a moment.
The shadow hits you.
* * * LOW HITPOINT WARNING * * *
The shadow hits you.
* * * LOW HITPOINT WARNING * * *
There is a stone staircase leading up here.
The shadow hits you!
You die...

................#
#.......##.>....#
#####...######..# .# #...#
###..##### ## #...# #........#
#...# #........#
#...####........#########
#..........WW...........#
###.......WW@...........#
#######.....##...##.........#
.....##.....##...##....%....#
......#......#...################
......#......#.........>.........
......###'##.#...################
#.###.###.##.#.#.# ..#
#.....##.#.#.# ############.#.#.#


You could see 4 shadows.

Vanquished Creatures
  Eustachio (D:4)
  Edmund (D:4)
  Purgy (D:4)
  A phantom (D:4)
  Crazy Yiuf (D:2)
  A hound (D:4)
  An iguana (D:4)
  An orc priest (D:3)
  Natasha (twice) (D:2)
  3 orc wizards
  2 worker ants (D:4)
  7 adders
  3 worms
  2 giant geckos (D:1)
  6 orcs
  7 bats
  6 giant cockroaches
  10 goblins
  9 hobgoblins
  7 jackals
  2 quokkas
  A ball python (D:2)
  4 giant newts
  6 kobolds
  10 rats
  2 fungi (D:2)
97 creatures vanquished.

Notes
Turn   | Place    | Note
--------------------------------------------------------------
     0 | D:1      | Medved the Vampire Assassin began the quest for the Orb.
     0 | D:1      | Reached XP level 1. HP: 16/16 MP: 1/1
    26 | D:1      | Reached skill level 6 in Stealth
   177 | D:1      | Reached XP level 2. HP: 22/22 MP: 2/2
   374 | D:1      | Reached skill level 7 in Stealth
   527 | D:1      | Reached XP level 3. HP: 24/27 MP: 3/3
   941 | D:2      | Found a faded altar to an unknown god.
  1354 | D:2      | Reached XP level 4. HP: 28/33 MP: 4/4
  1472 | D:2      | Noticed Natasha
  1480 | D:2      | Killed Natasha
  1480 | D:2      | Reached skill level 8 in Stealth
  1529 | D:2      | Noticed Natasha
  1536 | D:2      | Killed Natasha
  1596 | D:2      | Found a glowing golden altar of the Shining One.
  2027 | D:2      | Noticed Crazy Yiuf
  2033 | D:2      | Killed Crazy Yiuf
  2033 | D:2      | Reached XP level 5. HP: 38/38 MP: 5/5
  2846 | D:2      | Reached skill level 9 in Stealth
  3459 | D:3      | Found a blossoming altar of Fedhas.
  3506 | D:3      | Reached XP level 6. HP: 16/46 MP: 6/6
  3799 | D:3      | Found a shadowy altar of Dithmenos.
  3851 | D:3      | Became a worshipper of Dithmenos the Shadowed
  4059 | D:4      | Noticed Edmund
  4074 | D:4      | Killed Edmund
  4074 | D:4      | Reached skill level 10 in Stealth
  4255 | D:4      | Found an iron altar of Okawaru.
  4290 | D:4      | Fell from the grace of Dithmenos
  4328 | D:4      | Reached XP level 7. HP: 39/51 MP: 7/7
  4384 | D:4      | Noticed Eustachio
  4436 | D:4      | Killed Eustachio
  4695 | D:4      | Found Qinlec's General Store.
  4704 | D:4      | Bought a scroll of identify for 20 gold pieces
  4708 | D:4      | Noticed Purgy
  4735 | D:4      | Killed Purgy
  4735 | D:4      | Reached skill level 5 in Dodging
  4972 | D:4      | Noticed a shadow
  4972 | D:4      | Noticed a shadow
  4972 | D:4      | Noticed a shadow
  4972 | D:4      | Noticed a shadow
  4981 | D:4      | HP: 2/51 [shadow[the darkness of Dithmenos] (6)]
  4992 | D:4      | Slain by a shadow

Vault maps used:
D:1:      matt_arrival_spirals
D:2:      kennysheep_six_static_rooms, overflow_temple_1_default,
          ecumenical_altar_2, uniq_crazy_yiuf_cottage, uniq_natasha
D:3:      fedhas_altar_3, grunt_dithmenos_smoke_and_mirrors
D:4:      okawaru_metal_pillars_1_2, serial_shops, shop, moated_statue,
          uniq_edmund, uniq_eustachio, uniq_purgy

Action                   |  1- 3 |  4- 6 |  7- 9 || total
-------------------------+-------+-------+-------++-------
Melee: Dagger            |    91 |    56 |       ||   147
       Short sword       |       |   189 |    78 ||   267
  Use: Potion            |       |    14 |     2 ||    16
       Scroll            |       |     2 |       ||     2
 Stab: Sleeping          |     9 |    15 |       ||    24
       Distracted        |       |     1 |       ||     1
